 Dungeon Crawl Stone Soup version 0.31-a0-145-g046c7d2549 (webtiles) character file.

Game seed: 11430785262604810331

1021 hikkokomori the Digger (level 7, 0/57 HPs)
             Began as a Demigod Earth Elementalist on June 5, 2023.
             Slain by Prince Ribbit (19 damage)
             ... on level 5 of the Dungeon on June 7, 2023.
             The game lasted 00:10:49 (4043 turns).

hikkokomori the Digger (Demigod Earth Elementalist) Turns: 4043, Time: 00:10:49

Health: 0/57       AC:  2    Str: 15    XL:     7   Next: 71%
Magic:  0/15       EV: 12    Int: 25    God:
Gold:   234        SH:  0    Dex: 14    Spells: 7/13 levels left

rFire   . . .        n - +0 spear
rCold   . . .        (no shield)
rNeg    . . .        a - +0 robe
rPois   .            (no helmet)
rElec   .            (no cloak)
rCorr   .            (no gloves)
SInv    .            (no boots)
Will    .....        p - amulet of regeneration
Stlth   ++           h - +6 ring of strength
HPRegen 1.09/turn    (no ring)
MPRegen 0.14/turn

%: no passive effects
@: very slightly contaminated
A: high MP 1, forlorn, divine attributes
a: no special abilities


You were on level 5 of the Dungeon.
You visited 1 branch of the dungeon, and saw 5 of its levels.

You collected 234 gold pieces.

Inventory:

Hand Weapons
 n - a +0 spear (weapon)
Armour
 a - a +0 robe (worn)
 t - a +0 ring mail
Jewellery
 h - a +6 ring of strength (left hand)
 p - an amulet of regeneration (around neck)
Wands
 v - a wand of roots (9)
Scrolls
 e - a scroll of immolation {unknown}
 f - 3 scrolls of identify
 g - a scroll of amnesia {unknown}
 i - a scroll of magic mapping
 j - a scroll of poison {unknown}
 o - 3 scrolls of enchant armour
 r - a scroll of torment {unknown}
Potions
 b - 3 potions of magic
 c - a potion of cancellation {unknown}
 d - a potion of degeneration
 k - 2 potions of mutation {unknown}
 l - a potion of curing
 m - a potion of might {unknown}
 q - a potion of invisibility {unknown}
 u - a potion of attraction {unknown}


   Skills:
 + Level 3.4 Fighting
 - Level 1.7 Dodging
 + Level 3.9 Stealth
 + Level 3.7 Spellcasting
 + Level 3.0 Conjurations
 + Level 3.2 Transmutations
 + Level 4.4 Earth Magic


You had 7 spell levels left.
You knew the following spells:

 Your Spells              Type           Power      Damage    Failure   Level
a - Sandblast             Erth           52%        2d12      1%          1
b - Wereblood             Tmut           20%        N/A       3%          2
c - Stone Arrow           Conj/Erth      46%        3d9       6%          3

Your spell library contained the following spells:

 Spells                   Type           Power      Damage    Failure   Level
 Passwall                 Tmut/Erth      19%        N/A       3%          2
 Sublimation of Blood     Necr           4%         N/A       14%         2
 Hailstorm                Conj/Ice       12%        3d5       16%         3
 Petrify                  Tmut/Erth      23%        N/A       19%         4
 Ice Form                 Ice/Tmut       12%        N/A       43%         4
 Simulacrum               Ice/Necr       2%         N/A       100%        6
 Summon Hydra             Summ           2%         N/A       100%        7


Dungeon Overview and Level Annotations

Branches:
Dungeon (5/15)             Temple (0/1) D:4

Shops:
D:2 :

Annotations:
D:5 Prince Ribbit


Innate Abilities, Weirdness & Mutations

You have an increased reservoir of magic. (+10% MP)
You shall have no god before yourself.
Your divine heritage dramatically boosts your attributes as you level up.


Message History

You are very lightly contaminated with residual magic.
Nothing appears to happen.
Unknown command.
Casting: Stone Arrow (dangerous; 6% risk of failure)
Confirm with . or Enter, or press ? or * to list all spells.
Aiming: Stone Arrow (dangerous; 6% risk of failure)
Press: ? - help, Shift-Dir - straight line, f/p - Prince Ribbit
Aim: Prince Ribbit (asleep, 100% to hit)
The stone arrow hits Prince Ribbit!!
Prince Ribbit is heavily wounded.
Prince Ribbit croaks.
Unknown command.
Casting: Stone Arrow (dangerous; 6% risk of failure)
Confirm with . or Enter, or press ? or * to list all spells.
Aiming: Stone Arrow (dangerous; 6% risk of failure)
Press: ? - help, Shift-Dir - straight line, f/p - Prince Ribbit
Aim: Prince Ribbit (heavily wounded, 50% to hit)
The stone arrow misses Prince Ribbit.
Unknown command.
Casting: Stone Arrow (dangerous; 6% risk of failure)
Confirm with . or Enter, or press ? or * to list all spells.
Aiming: Stone Arrow (dangerous; 6% risk of failure)
Press: ? - help, Shift-Dir - straight line, f/p - Prince Ribbit
Aim: Prince Ribbit (heavily wounded, 50% to hit)
The stone arrow misses Prince Ribbit.
Prince Ribbit hits you! Prince Ribbit barely misses you.
Unknown command.
Casting: Stone Arrow (dangerous; 6% risk of failure)
Confirm with . or Enter, or press ? or * to list all spells.
Aiming: Stone Arrow (dangerous; 6% risk of failure)
Press: ? - help, Shift-Dir - straight line, f/p - Prince Ribbit
Aim: Prince Ribbit (heavily wounded, 50% to hit)
You miscast Stone Arrow.
Nothing appears to happen.
Prince Ribbit hits you!!
Unknown command.
You hit Prince Ribbit.
Prince Ribbit is heavily wounded.
Prince Ribbit hits you.
Unknown command.
Prince Ribbit attacks as you move away! Prince Ribbit hits you!!
You die...

###..# . .#
#..### ..#
###..# ...#.#
#..### #..#.#
###..# #..#.#
#..###
#..#.#####..#
#..#.##..###
#F@#.##..#
#.#..#..###
##.#.....#
##.#..###
##.#..#
##..## ##.+
###


You could see Prince Ribbit.

Vanquished Creatures
  Grinder (D:4)
  Sigmund (D:4)
  An orc warrior (D:4)
  2 scorpions (D:4)
  4 killer bees
  An orc priest (D:3)
  An iguana (D:4)
  2 orc wizards
  4 gnolls
  2 adders (D:2)
  A shadow imp (D:3)
  2 worms (D:2)
  3 dart slugs
  17 orcs
  8 bats
  7 endoplasms
  7 giant cockroaches
  8 goblins
  5 hobgoblins
  3 quokkas
  5 ball pythons
  4 frilled lizards
  6 kobolds
  5 rats
100 creatures vanquished.

Notes
Turn   | Place    | Note
-------+----------+-------------------------------------------
     0 | D:1      | hikkokomori the Demigod Earth Elementalist began the quest
                  | for the Orb.
     0 | D:1      | Reached XP level 1. HP: 14/14 MP: 5/5
   214 | D:1      | Reached XP level 2. HP: 22/22 MP: 1/7
   343 | D:1      | Reached skill level 3 in Earth Magic
   374 | D:1      | Reached skill level 1 in Fighting
   836 | D:1      | Reached XP level 3. HP: 28/28 MP: 6/9
   839 | D:1      | Learned a level 2 spell: Wereblood
   843 | D:1      | Learned a level 3 spell: Stone Arrow
  1131 | D:2      | Found Zieh's Vocational Training.
  1144 | D:2      | Reached skill level 1 in Transmutations
  1860 | D:3      | Reached XP level 4. HP: 7/36 MP: 3/10
  2282 | D:3      | Reached skill level 1 in Conjurations
  2580 | D:4      | Noticed Sigmund
  2612 | D:4      | Noticed Grinder
  2725 | D:4      | Noticed an orc warrior
  2896 | D:4      | Killed Grinder
  2897 | D:4      | Reached XP level 5. HP: 29/41 MP: 0/12
  2897 | D:4      | Reached XP level 6. HP: 34/48 MP: 0/13
  2934 | D:4      | Killed Sigmund
  3034 | D:4      | Reached skill level 4 in Earth Magic
  3112 | D:3      | Reached XP level 7. HP: 35/56 MP: 8/15
  3380 | D:4      | Found a staircase to the Ecumenical Temple.
  3949 | D:5      | Entered Level 5 of the Dungeon
  4033 | D:5      | Noticed Prince Ribbit
  4043 | D:5      | Slain by Prince Ribbit

Illustrated notes

Levels and vault maps discovered:
D:1:      tarquinn_simple_flora_water_d, layout_loops_cross, minmay_tall_x
D:2:      layout_loops_ring, serial_glass, glass_columns_a, glass_columns_a,
          glass_columns_b, glass_columns_a, basic_ecumenical_altar,
          nicolae_shop_vocational
D:3:      layout_rooms, mainiacjoe_overflow_six_doors_small,
          mainiacjoe_overflow_brackets, lemuel_crystal_altar
D:4:      layout_rooms, amcnicky_altar_gilded, minmay_temple_entry_steel_oval,
          minmay_crystal_water, uniq_grinder, uniq_sigmund
D:5:      minmay_razor_zed, layout_basic, fedhas_altar_1,
          nicolae_overflow_hidden_temple, trog_butcher_becter, uniq_eustachio,
          uniq_menkaure, uniq_prince_ribbit1, uniq_duvessa

Skill      XL: |  1  2  3  4  5  6  7 |
---------------+----------------------+-----
Spellcasting   | 2 3 |  3.7
Earth Magic    | 3 4 |  4.4
Fighting       | 1 2 3 |  3.4
Transmutations | 1 2 3 |  3.2
Stealth        | 2 3 |  3.9
Conjurations   | 1 2 3 |  3.0
Dodging        | |  1.7

Action                     |  1- 3 |  4- 6 |  7- 9 || total
---------------------------+-------+-------+-------++-------
  Melee: Spear             |     1 |    12 |     3 ||    16
   Cast: Sandblast         |    76 |    57 |    30 ||   163
         Stone Arrow       |       |     9 |    11 ||    20
         Wereblood         |       |     1 |       ||     1
  Evoke: Wand              |       |       |     3 ||     3
    Use: Scroll            |     1 |       |     5 ||     6
         Potion            |       |     2 |     1 ||     3
   Stab: Sleeping          |       |     1 |       ||     1
 Armour: Robe              |     4 |    12 |     4 ||    20
         Ring mail         |       |    13 |       ||    13
  Dodge: Dodged            |    19 |    49 |    29 ||    97

Table legend: (Time is in decaauts)
 A = Elapsed time spent in this place.
 B = Non-inter-level travel time spent in this place.
 C = Inter-level travel time spent in this place.
 D = Time resting spent in this place.
 E = Time spent auto-exploring this place.
 F = Levels seen in this place.
 G = Mean time per level.
                   A        B        C        D        E       F      G
               +--------+--------+--------+--------+--------+-----+--------+
         Total |   4135 |   4050 |     85 |    518 |   2755 |   5 |  827.0 |
       Dungeon |   4135 |   4050 |     85 |    518 |   2755 |   5 |  827.0 |
               +--------+--------+--------+--------+--------+-----+--------+

Top non-repeatable levels by time:
     D:3: 1367 daAuts
     D:1: 1086 daAuts
     D:4: 802 daAuts
     D:2: 785 daAuts
     D:5: 93 daAuts
